Map: Acropolis LE

Players

llllllllllll

  • Race: Protoss Protoss
  • League: Master
  • Spawn Location: 5:00

Mez - Winner!

  • Race: Terran Terran
  • League: Master
  • Spawn Location: 11:00

VOD

Have the link to the VOD?

Description

Time

  • Played on: Sept. 4, 2019, 9:05 a.m.
  • Length: 9:29
Show
View Real Time Build Order
Export as new Build Order

llllllllllll Protoss 

Build Orders: 1 Gate Expand, Double Forge, Phoenix Opening, Colossus Rush 

Get SALT Encoding   

  12  0:01  Probe  
  13  0:13  Probe  
  14  0:17  Pylon  
  14  0:24  Probe  
  15  0:32  Probe  
  15  0:40  Gateway, Probe  
  16  0:47  Assimilator  
  17  0:51  Probe  
  18  1:03  Probe  
  19  1:15  Probe  
  20  1:25  Nexus  
  20  1:37  Cybernetics Core  
  20  1:39  Probe  
  21  1:44  Assimilator  
  21  1:55  Pylon  
  21  1:56  Probe  
  22  2:04  Adept  
  22  2:08  Probe  
  25  2:20  Probe  
  25  2:22  Stargate  
  26  2:32  Probe  
  26  2:34  Adept  
  28  2:44  Probe  
  28  2:48  Warp Gate  
  28  2:51  Probe  
  30  2:56  Probe  
  30  2:57  Phoenix  
  31  3:03  Probe  
  31  3:04  Adept  
  34  3:09  Probe  
  37  3:15  Probe  
  38  3:20  Pylon  
  38  3:21  Phoenix, Probe  
  41  3:28  Probe  
  42  3:37  Phoenix  
  42  3:38  Probe  
  43  3:42  Pylon  
  43  3:43  Probe  
  46  3:50  Probe  
  46  3:55  Probe  
  48  4:07  Robotics Facility  
  48  4:08  Probe  
  49  4:10  Probe  
  50  4:20  Probe  
  50  4:21  Nexus  
  50  4:23  Pylon  
  51  4:25  Forge  
  51  4:28  Forge  
  51  4:29  Probe  
  52  4:39  Probe  
  52  4:45  Probe  
  54  4:54  Observer, Shield Battery  
  54  4:56  Gateway x2  
  54  4:57  Shield Battery  
  54  4:58  Robotics Bay  
  54  4:59  Probe  
  56  5:04  Assimilator  
  56  5:06  Assimilator  
  56  5:07  Probe  
  56  5:08  Protoss Ground Armor Level 1  
  56  5:09  Sentry  
  56  5:11  Probe, Protoss Ground Weapons Level 1  
  60  5:16  Pylon  
  60  5:23  Probe  
  61  5:29  Probe  
  63  5:35  Probe  
  63  5:37  Pylon  
  63  5:38  Probe  
  63  5:41  Probe  
  65  5:47  Probe  
  66  5:50  Probe  
  66  5:51  Colossus  
  66  5:54  Probe  
  68  5:57  Gateway  
  68  5:59  Gateway, Probe  
  68  6:01  Gateway  
  68  6:03  Gateway  
  74  6:06  Phoenix  
  74  6:07  Probe  
  77  6:17  Probe  
  74  6:22  Twilight Council  
  74  6:26  Sentry  
  74  6:27  Probe  
  74  6:28  Probe  
  74  6:29  Gateway, Probe  
  74  6:30  Pylon  
  79  6:35  Colossus  
  79  6:36  Pylon  
  80  6:40  Probe x2  
  80  6:41  Charge  
  80  6:42  Probe  
  88  6:48  Extended Thermal Lance  
  88  6:52  Probe x2  
  88  6:54  Probe  
  91  7:04  Probe x2  
  91  7:05  Assimilator  
  91  7:06  Probe  
  91  7:07  Assimilator  
  94  7:12  Pylon  
  94  7:15  Pylon  
  94  7:16  Probe x2  
  94  7:20  Pylon  
  96  7:32  Zealot x8  
  106  7:52  Stalker x4  
  106  7:53  Stalker x3  
  106  7:54  Stalker  
  106  7:57  Colossus  
  126  8:21  Pylon  
  126  8:22  Pylon  
  126  8:23  Pylon  
  126  8:31  Templar Archives, Zealot x7  
  138  8:42  Warp Prism  
  136  9:07  Nexus  
  136  9:11  Pylon  
  136  9:15  High Templar x6  
  136  9:16  Cybernetics Core  
  148  9:17  Zealot x2  
  148  9:19  Archon x3  
Show
View Real Time Build Order
Export as new Build Order

Mez Terran - Winner!

Build Orders: Reaper Expand 

Get SALT Encoding   

  12  0:00  SCV  
  13  0:12  SCV  
  14  0:17  Supply Depot  
  14  0:25  SCV  
  15  0:38  SCV  
  15  0:40  Barracks  
  16  0:45  Refinery  
  16  0:50  SCV  
  17  1:03  SCV  
  18  1:15  SCV  
  19  1:29  Orbital Command, Reaper  
  20  1:39  Command Center  
  20  1:58  Bunker  
  20  2:00  SCV  
  21  2:03  Marine  
  21  2:04  Supply Depot  
  22  2:12  SCV  
  23  2:23  Barracks Reactor  
  23  2:26  SCV  
  24  2:42  SCV  
  24  2:44  Command Center  
  25  2:48  Factory  
  25  2:52  Orbital Command  
  25  2:56  SCV  
  26  2:59  Refinery  
  26  3:02  Marine  
  26  3:03  Marine  
  28  3:12  SCV  
  29  3:20  Marine  
  29  3:21  Marine  
  29  3:24  SCV  
  32  3:32  Widow Mine  
  34  3:34  Starport  
  34  3:37  SCV  
  34  3:38  SCV  
  34  3:39  Marine x2  
  38  3:50  SCV x2  
  40  3:57  Widow Mine  
  40  3:58  Orbital Command  
  40  4:01  Marine x2  
  44  4:03  SCV x2  
  46  4:12  Starport Tech Lab  
  46  4:14  Barracks  
  46  4:15  SCV  
  47  4:17  SCV  
  47  4:18  Supply Depot  
  47  4:19  Refinery, Factory Tech Lab  
  48  4:24  SCV  
  48  4:27  SCV  
  48  4:29  SCV  
  48  4:30  Raven, Barracks  
  53  4:35  Marine x2  
  53  4:37  SCV  
  55  4:40  SCV  
  59  4:47  SCV  
  59  4:49  SCV  
  59  4:50  Supply Depot  
  58  4:53  Factory Reactor  
  58  4:54  Marine x2  
  58  4:56  SCV  
  58  4:59  SCV  
  62  5:04  Engineering Bay  
  62  5:05  Engineering Bay  
  62  5:06  SCV  
  63  5:08  SCV  
  63  5:10  Stimpack  
  63  5:12  Marine  
  65  5:16  SCV  
  66  5:22  Marine x2  
  66  5:25  Combat Shield  
  66  5:26  Barracks  
  66  5:27  Marauder, Barracks  
  66  5:28  SCV  
  71  5:29  SCV  
  71  5:30  Marine  
  71  5:31  Orbital Command  
  71  5:33  Refinery  
  73  5:37  Supply Depot  
  73  5:39  Factory Reactor  
  73  5:40  SCV  
  74  5:48  Medivac x2  
  74  5:49  SCV  
  77  5:51  Missile Turret  
  77  5:53  Missile Turret  
  77  5:58  SCV  
  77  6:01  SCV x2  
  80  6:07  Marauder x2, Marine  
  85  6:12  Terran Infantry Armor Level 1, Terran Infantry Weapons Level 1  
  85  6:13  Missile Turret, Marine  
  85  6:17  SCV  
  85  6:18  Barracks Tech Lab, Barracks Reactor  
  85  6:28  Supply Depot  
  85  6:29  Supply Depot  
  85  6:31  Supply Depot  
  85  6:32  Medivac x2, SCV x3  
  92  6:36  Marine  
  92  6:37  Concussive Shells  
  93  6:47  Refinery  
  93  6:49  SCV x2, Marine  
  93  6:50  Marauder x2, SCV  
  93  6:51  Supply Depot  
  93  6:53  Supply Depot x2  
  101  6:55  Supply Depot  
  101  6:57  Marauder, Marine x3  
  106  7:02  SCV x2  
  108  7:11  Marauder  
  108  7:12  SCV  
  108  7:14  Starport, Armory  
  111  7:16  Refinery, SCV x2  
  111  7:20  Supply Depot  
  111  7:22  Supply Depot  
  113  7:23  Supply Depot  
  113  7:29  Viking x2  
  117  7:32  Marauder x2, Marine x3  
  124  7:42  Marine  
  124  7:43  Marauder  
  127  7:49  Marine  
  127  7:50  Viking  
  127  7:51  Viking  
  132  7:53  Marauder  
  134  7:58  Supply Depot  
  134  7:59  Supply Depot  
  134  8:02  Ghost Academy, Viking  
  136  8:12  Supply Depot  
  136  8:19  Viking  
  138  8:20  Marauder x2, Viking  
  138  8:21  Marauder, Marine x3  
  149  8:37  Marine  
  149  8:38  Viking x2  
  149  8:39  Marine  
  161  8:51  Viking x2  
  164  8:59  Command Center  
  159  9:27  Unknown x3  
Tags
 
Add a new tag
Caveats
  • Supply blocks, unpowered buildings, or Contaminate may cause inaccurate times.
  • Supply counts are checked every 10 seconds.